noty, neutral male scurrid Tourist |.= |@g |.. noty the Rambler Experience level: 1 Strength: 14 Dexterity: 7 Constitution: 14 Intelligence: 12 Wisdom: 12 Charisma: 16 Health: 0(9) Energy: 2(2) Def: 0 Gold: 886 Moves: 69 Dungeon seed: t4a202vH2TrhX34F Game ID: noty_1498608113 Your Inventory: Coins $ - 886 gold pieces Weapons a - 49 uncursed rusty +2 darts (in quiver) Armor e - an uncursed +0 Hawaiian shirt (being worn) Comestibles b - 2 uncursed apples c - 4 uncursed chestnuts d - 2 uncursed food rations f - an uncursed tin of newt meat g - an uncursed candy bar h - an uncursed carrot i - an uncursed fortune cookie j - an uncursed tin of goblin meat Scrolls l - 4 uncursed scrolls of blank paper Potions k - 2 uncursed potions of water Wands o - a blessed rusty wand of secret door detection (0:15) Tools m - an uncursed expensive camera (0:70) n - an uncursed credit card p - an uncursed towel Spells and supernatural/magical abilities: Name Level Category Fail Memory W - pray for help -- divine ? -- Your skills at the end: Miscellaneous Skills wands [Basic] Weapon Skills dart [Basic] Spellcasting Skills Final Attributes: You were devoutly aligned. You had infravision. You were very stealthy. You are dead. Vanquished creatures: an orc zombie a hobgoblin a jackal 3 creatures vanquished. Voluntary challenges: You went without food. You did not adorn yourself with jewelry or accessories. You did not cause conflict. You were not invisible. You did not have reflection. You were not displaced. You were an atheist. You never hit with a wielded weapon. You were a pacifist. You did not use tools. You did not use plumbed fixtures. You did not drink any magical draughts. You were illiterate. You never genocided any monsters. You never polymorphed an object. You never changed form. You used no wishes. You never split a pudding. You never wrote Elbereth's name. You never violated your personal moral code. Dungeon overview: The Dungeons of Doom: levels 1 to 27 Level 1 a long staircase Level 2 Level 3 Level 4 Level 5 Level 6 a long staircase Level 7 Level 8 Level 9 Level 10 a fountain Level 11 Level 12 Level 13 Level 14 Level 15 Level 16 Level 17 Level 18 Level 19 a fountain Level 20 Level 21 Level 22 Level 23 Level 24 Level 25 Level 26 Level 27 <- You were here History has recorded: On T:1 you entered the Dungeons of Doom to retrieve the Amulet of Yendor! On T:4 you reached level 2 of The Dungeons of Doom. On T:7 you reached level 3 of The Dungeons of Doom. On T:9 you reached level 4 of The Dungeons of Doom. On T:11 you reached level 5 of The Dungeons of Doom. On T:13 you reached level 6 of The Dungeons of Doom. On T:16 you reached level 7 of The Dungeons of Doom. On T:18 you reached level 8 of The Dungeons of Doom. On T:20 you reached level 9 of The Dungeons of Doom. On T:22 you reached level 10 of The Dungeons of Doom. On T:27 you reached level 11 of The Dungeons of Doom. On T:29 you reached level 12 of The Dungeons of Doom. On T:31 you reached level 13 of The Dungeons of Doom. On T:34 you reached level 14 of The Dungeons of Doom. On T:36 you reached level 15 of The Dungeons of Doom. On T:36 you entered the Rogue tribute level. On T:38 you reached level 16 of The Dungeons of Doom. On T:40 you reached level 17 of The Dungeons of Doom. On T:43 you reached level 18 of The Dungeons of Doom. On T:46 you reached level 19 of The Dungeons of Doom. On T:49 you reached level 20 of The Dungeons of Doom. On T:51 you reached level 21 of The Dungeons of Doom. On T:53 you reached level 22 of The Dungeons of Doom. On T:55 you reached level 23 of The Dungeons of Doom. On T:58 you reached level 24 of The Dungeons of Doom. On T:60 you reached level 25 of The Dungeons of Doom. On T:62 you reached level 26 of The Dungeons of Doom. On T:69 you reached level 27 of The Dungeons of Doom. Score breakdown: Gold: 152 ( 15 points) Experience: 1 level ( 0 points) Exploration: 27 levels ( 780 points) Discoveries: 3 items ( 150 points) Variety of kills: 3 monsters ( 150 points) Major goal: (nothing yet) ( 0 points) Survival: died (score multiplied by 3) Total score: 3285 Latest messages: Your darts rust! You try to crawl out of the water. Pheew! That was close. That command is only available in debug mode. You fall into the water! You sink like a rock. Your wand of secret door detection rusts! You try to crawl out of the water. Pheew! That was close. That command is only available in debug mode. You have no weapon equipped. You start digging downward. You continue digging downward. You dig a pit in the floor. The gremlin drinks a puce potion! The gremlin seems more experienced. You continue digging downward. You dig a hole through the floor. You fall through... The gremlin claws you! (2x) You die... Final status: Aloha noty the Tourist, killed by a gremlin... You died in The Dungeons of Doom on dungeon level 27 with 3285 points, and 886 pieces of gold, after 69 moves. You were level 1 with a maximum of 9 hit points when you died.